 Dungeon Crawl Stone Soup version 0.31.0-2-g5a2aebc5c2 (webtiles) character file.

Game seed: 11490653404183695706

121 groovy9 the Chopper (level 5, -1/47 HPs)
             Began as a Hill Orc Fighter on Jan 21, 2024.
             Slain by an orc warrior
             ... wielding a +0 battleaxe
              (15 damage)
             ... on level 3 of the Dungeon.
             The game lasted 00:03:21 (1331 turns).

groovy9 the Chopper (Hill Orc Fighter)              Turns: 1331, Time: 00:03:21

Health: -1/47      AC: 11    Str: 21    XL:     5   Next: 5%
Magic:  5/5        EV:  6    Int: 14    God:
Gold:   84         SH:  4    Dex: 10    Spells: 4/4 levels left

rFire   . . .        a - +0 war axe
rCold   . . .        c - +0 buckler
rNeg    + . .        e - +0 plate armour
rPois   .            (no helmet)
rElec   .            (no cloak)
rCorr   .            (no gloves)
SInv    .            (no boots)
Will    .....        (no amulet) Stlth
                     l - ring of positive energy
HPRegen 0.27/turn    m - +6 ring of intelligence
MPRegen 0.09/turn

%: no passive effects
@: mighty
A: no striking features
a: no special abilities


You were on level 3 of the Dungeon.
You visited 1 branch of the dungeon, and saw 3 of its levels.

You collected 84 gold pieces.

Inventory:

Hand Weapons
 a - a +0 war axe (weapon)
Armour
 c - a +0 buckler (worn)
 e - a +0 plate armour (worn)
Jewellery
 l - a ring of positive energy (left hand)
 m - a +6 ring of intelligence (right hand)
Wands
 p - a wand of polymorph (7)
Scrolls
 b - a scroll of immolation {unknown}
 f - a scroll of identify {unknown}
 g - a scroll of poison {unknown}
 i - a scroll of enchant armour {unknown}
 n - a scroll of silence {unknown}
Potions
 h - a potion of curing {unknown}
 j - a potion of ambrosia {unknown}
 k - a potion of haste {unknown}
 o - a potion of enlightenment {unknown}


   Skills:
 + Level 4.5 Fighting
 * Level 5.1 Axes
 + Level 4.1 Armour
 - Level 3.2 Shields


You had 4 spell levels left.
You didn't know any spells.
Your spell library contained the following spells:

 Spells                   Type           Power      Damage    Failure   Level
 Call Imp                 Summ           0%         N/A       100%        2
 Sublimation of Blood     Necr           0%         N/A       100%        2
 Summon Hydra             Summ           0%         N/A       100%        7


Dungeon Overview and Level Annotations

Branches:
Dungeon (3/15)

Altars:


Message History

There is an open door here.
You feel very mighty all of a sudden.
The ball python bites you but does no damage.
The ball python constricts you. The adder bites you.
You barely miss the ball python. You slash the adder! The adder bites you.
You are poisoned.
The adder poisons you!
The ball python bites you but does no damage.
The ball python constricts you.
The ball python bites you but does no damage.
The ball python constricts you. The adder barely misses you.
You hit the ball python.
You kill the ball python!
You miss the adder. You slash the hobgoblin!
You kill the hobgoblin!
You feel sick. The rat bites you.
You are too injured to fight recklessly!
You are too injured to fight recklessly!
You closely miss the orc warrior. You slash the iguana!
You closely miss the rat.
You feel sick. The rat bites you but does no damage.
The orc warrior barely misses you. You block the iguana's attack.
You barely miss the orc warrior. You slash the iguana!
You kill the iguana!
You slash the rat!
You kill the rat!
You feel sick. You block the orc warrior's attack. The adder barely misses you.
Your Axes skill increases to level 5!
You have reached level 5!
You feel stronger.
You closely miss the orc warrior. You hit the adder.
You feel sick.
You are no longer poisoned.
The adder barely misses you.
The orc warrior hits you with a +0 battleaxe.
You block the adder's attack.
You barely miss the orc warrior. You slash the adder!
You kill the adder!
The orc warrior hits you with a +0 battleaxe!
* * * LOW HITPOINT WARNING * * *
The orc warrior hits you with a +0 battleaxe!
You die...

.........#'#.........
#######.##.##..####.
#..#...#..#
#.#######.#
##.#.....#.##
#..'.†...#..#
#.#########.#
#.#)......#.##
#######.#[.....o@..#
#.....#.#......†#..#
......'.#########...#
#.....#..'.†...#...##
......##.#.....#..##
.##+####.#######..#
....<# #..# ...#
.##.## ##.## # .#
.....# ##..#'#..#


You could see an orc warrior.

Vanquished Creatures
  An iguana (D:3)
  4 adders
  A dart slug (D:2)
  2 ribbon worms
  3 endoplasms
  A giant cockroach (D:1)
  5 goblins
  8 hobgoblins
  4 jackals (D:1)
  A kobold (D:1)
  4 quokkas
  7 ball pythons
  5 bats
  4 frilled lizards
  9 rats
59 creatures vanquished.

Notes
Turn   | Place    | Note
-------+----------+-------------------------------------------
     0 | D:1      | groovy9 the Hill Orc Fighter began the quest for the Orb.
     0 | D:1      | Reached XP level 1. HP: 19/19 MP: 1/1
    93 | D:1      | Reached skill level 3 in Axes
   133 | D:1      | Reached XP level 2. HP: 19/27 MP: 2/2
   250 | D:1      | Reached XP level 3. HP: 33/33 MP: 3/3
   375 | D:1      | Found a faded altar of an unknown god.
   571 | D:2      | Reached skill level 4 in Axes
   817 | D:2      | Reached XP level 4. HP: 40/40 MP: 4/4
  1323 | D:3      | Noticed an orc warrior
  1330 | D:3      | Reached skill level 5 in Axes
  1330 | D:3      | Reached XP level 5. HP: 35/47 MP: 5/5
  1331 | D:3      | Slain by an orc warrior

Illustrated notes

Levels and vault maps discovered:
D:1:      minmay_arrival_three_doors, layout_rooms,
          shapermc_ecumenical_altar_acropolis
D:2:      layout_loops_ring, nicolae_titane
D:3:      layout_basic, grunt_gozag_breadcrumbs, mainiacjoe_overflow_alcove_2,
          old_standard_altar, nicolae_overflow_squiral, serial_rivers,
          chequers_serial_rivers_room_b, chequers_serial_rivers_micro_d,
          chequers_serial_rivers_micro_e, chequers_serial_rivers_micro_b,
          chequers_serial_rivers_marsh, amcnicky_mini_pool_small,
          minmay_divided_ellipse

Skill      XL: |  1  2  3  4 |
---------------+-------------+-----
Axes           | 3 4 5 |  5.1
Fighting       | 4 |  4.5
Armour         | 4 |  4.1
Shields        | |  3.2

Action                     |  1- 3 |  4- 6 || total
---------------------------+-------+-------++-------
  Melee: War axe           |   114 |    43 ||   157
    Use: Potion            |       |     1 ||     1
 Armour: Plate armour      |   100 |    39 ||   139
         Scale mail        |     2 |       ||     2
  Dodge: Dodged            |    35 |    13 ||    48
  Block: Buckler           |    26 |    11 ||    37
